 Dungeon Crawl Stone Soup version 0.28-a0-1510-gd0f6b136d3 (webtiles) character file.

Game seed: 13373468763431053034

9 siradein the Insei (level 2, -2/22 HPs)
             Began as a Djinni Transmuter on Jan 14, 2022.
             Slain by a jackal (3 damage)
             ... on level 2 of the Dungeon.
             The game lasted 00:02:04 (1024 turns).

siradein the Insei (Djinni Transmuter)              Turns: 1024, Time: 00:02:05

Health: -2/22      AC:  2    Str:  9    XL:     2   Next: 25%
Gold:   10         EV: 12    Int: 14    God:
                   SH:  0    Dex: 13

rFire   + + .      SeeInvis .   d - +0 dagger
rCold   x . .      Faith    .   (no shield)
rNeg    . . .      Spirit   .   a - +0 robe
rPois   ∞          Reflect  .   (no helmet)
rElec   .          Harm     .   f - scarf {repulsion}
rCorr   .          Rampage  .   (no gloves)
Will    .....                   (boots unavailable)
Stlth   +.........              (no amulet)
HPRegen 0.07/turn               (no ring)
MPRegen 0.00/turn               (no ring)

@: wereblooded (expiring), flying, repel missiles
A: sickness immunity, fire resistance 2, cold vulnerability 1, float, innate
caster, hp casting, extra vitality 1
a: no special abilities


You were on level 2 of the Dungeon.
You visited 1 branch of the dungeon, and saw 2 of its levels.

You collected 10 gold pieces.

Inventory:

Hand Weapons
 d - a +0 dagger (weapon)
Armour
 a - a +0 robe (worn)
 f - a scarf of repulsion (worn)
Scrolls
 b - a scroll of magic mapping {unknown}
Potions
 c - 3 potions of might {unknown}
 e - a potion of haste {unknown}


   Skills:
 + Level 1.2 Fighting
 + Level 2.3 Dodging
 + Level 3.1 Unarmed Combat
 * Level 1.8 Spellcasting


You couldn't memorise any spells.
You knew the following spells:

 Your Spells              Type           Power      Damage    Failure   Level
a - Beastly Appendage     Tmut           12%        N/A       11%         1
b - Wereblood             Tmut           6%         N/A       17%         2
c - Spider Form           Tmut/Pois      6%         N/A       32%         3
d - Ice Form              Ice/Tmut       6%         N/A       73%         4
Your spell library was empty.

Dungeon Overview and Level Annotations

Branches:
Dungeon (2/15)

Altars:

Shops:
D:1 [?(((


Innate Abilities, Weirdness & Mutations

You are immune to sickness and miasma.
You are immune to poison.
Your flesh is very heat resistant. (rF++)
You are vulnerable to cold. (rC-)
You float through the air rather than walking.
You learn spells naturally, not from books.
Your magical power is your life essence.
You have superior vitality. (+4 MHP)


Message History

You hit the adder.
The adder is lightly wounded.
The adder barely misses you. The jackal barely misses you. x2
You hit the adder. You headbutt the adder.
The adder is moderately wounded.
The adder bites you. The jackal barely misses you.
The jackal bites you but does no damage.
You hit the adder.
The adder is heavily wounded.
Your transformation is almost over.
The jackal bites you but does no damage.
The jackal bites you. The adder bites you. The jackal closely misses you.
The jackal bites you. The adder bites you.
* * * LOW HITPOINT WARNING * * *
The rat bites you.
* * * LOW HITPOINT WARNING * * *
The rat completely misses you. The jackal closely misses you.
The rat completely misses you. The jackal barely misses you.
You hit the jackal.
The jackal is moderately wounded.
The jackal barely misses you.
You miss the jackal. Your headbutt misses the jackal.
The jackal is moderately wounded.
The jackal bites you but does no damage.
You closely miss the jackal. Your headbutt misses the jackal.
The jackal is moderately wounded.
The jackal bites you.
* * * LOW HITPOINT WARNING * * *
The jackal completely misses you.
You hit the jackal but do no damage.
The jackal is moderately wounded.
Your horns disappear.
The jackal bites you.
* * * LOW HITPOINT WARNING * * *
You hit the jackal but do no damage.
The jackal is moderately wounded.
Your primal bloodlust is almost over.
The jackal completely misses you. The jackal bites you.
You die...

#. #. # #. .#
###.####.##
#...<.#...#
##.#.#..#
#......h# #
#..#.#rh###..#
#......#@..#
#.#.......## #
#..###### #..
#.# .. ..


You could see 2 jackals and a rat.

Vanquished Creatures
  5 ball pythons (D:1)
  A hobgoblin (D:1)
  2 bats (D:1)
  A kobold (D:1)
9 creatures vanquished.

Notes
Turn   | Place    | Note
-------+----------+-------------------------------------------
     0 | D:1      | siradein the Djinni Transmuter began the quest for the Orb.
     0 | D:1      | Reached XP level 1. HP: 17/17 MP: 0/0
    67 | D:1      | Found Godumn's Armour Boutique.
   311 | D:1      | Found Soriaj's Antique Weapon Boutique.
   410 | D:1      | Found Raliol's Weapon Shoppe.
   416 | D:1      | Found Houff's Antique Weapon Emporium.
   510 | D:1      | Reached XP level 2. HP: 13/22 MP: 0/0
   814 | D:1      | Found Godumn's Magic Scroll Shoppe.
  1023 | D:2      | HP: 1/22 [jackal (2)]
  1024 | D:2      | Slain by a jackal

Illustrated notes

Levels and vault maps discovered:
D:1:      eino_arrival_water_cross, layout_basic, serial_shops,
          nicolae_shop_trees, nicolae_shop_waterfront, shop, nicolae_shop_stone,
          nicolae_lakefront_shop
D:2:      minmay_chambers_of_twos, layout_loops_ring, uniq_sigmund,
          uniq_jessica, uniq_terence

Action                   || total
-------------------------++-------
Melee: Dagger            ||    28
       Unarmed           ||    11
       Headbutt          ||     4
 Cast: Beastly Appendage ||     6
       Wereblood         ||     1
Armor: Robe              ||    16
Dodge: Dodged            ||    44

Table legend: (Time is in decaauts)
 A = Elapsed time spent in this place.
 B = Non-inter-level travel time spent in this place.
 C = Inter-level travel time spent in this place.
 D = Time resting spent in this place.
 E = Time spent auto-exploring this place.
 F = Levels seen in this place.
 G = Mean time per level.
                   A        B        C        D        E       F      G
               +--------+--------+--------+--------+--------+-----+--------+
         Total |   1022 |   1008 |     14 |      0 |    875 |   2 |  511.0 |
       Dungeon |   1022 |   1008 |     14 |      0 |    875 |   2 |  511.0 |
               +--------+--------+--------+--------+--------+-----+--------+

Top non-repeatable levels by time:
     D:1: 1007 daAuts
     D:2: 15 daAuts
